Map: Tokamak LE

Players

Moja

  • Race: Terran Terran
  • League: Grandmaster
  • Spawn Location: 1:00

Highdra - Winner!

  • Race: Protoss Protoss
  • League: Master
  • Spawn Location: 7:00

Event: HomeStory Cup XXVII

VOD

Have the link to the VOD?

Description

Time

  • Played on: June 28, 2025, 9:07 a.m.
  • Length: 10:26

All games in this series

Show
View Real Time Build Order
Export as new Build Order

Moja Terran 

Build Orders: Mech 

Get SALT Encoding   

  12  0:00  SCV  
  13  0:14  SCV  
  14  0:17  Supply Depot  
  14  0:26  SCV  
  15  0:38  SCV  
  15  0:40  Barracks  
  16  0:44  Refinery  
  16  0:50  SCV  
  17  1:02  Barracks  
  17  1:05  SCV  
  18  1:11  Refinery  
  18  1:17  SCV  
  19  1:30  Reaper  
  20  1:33  Orbital Command  
  20  1:46  Supply Depot  
  20  1:49  Reaper  
  21  1:58  SCV  
  22  2:02  Reaper  
  23  2:11  SCV  
  23  2:12  Factory  
  24  2:20  Supply Depot  
  24  2:21  Reaper  
  25  2:25  SCV  
  26  2:37  SCV  
  26  2:38  Reaper  
  28  2:50  SCV  
  29  3:02  SCV  
  29  3:06  Hellion  
  29  3:08  Starport  
  31  3:14  SCV  
  31  3:16  Reaper x2  
  33  3:24  Command Center  
  33  3:27  SCV  
  34  3:28  Factory Tech Lab  
  34  3:35  Supply Depot  
  34  3:39  SCV  
  35  3:46  Starport Tech Lab  
  35  3:47  Siege Tank  
  38  3:49  Barracks Reactor  
  38  3:52  SCV  
  39  4:00  Supply Depot  
  39  4:04  SCV  
  40  4:14  Raven  
  40  4:17  SCV  
  43  4:19  Refinery  
  43  4:22  Refinery  
  43  4:28  Marine x2  
  43  4:29  SCV  
  46  4:36  Siege Tank  
  46  4:37  Orbital Command  
  49  4:41  SCV  
  50  4:46  Marine x2  
  52  4:53  SCV  
  52  4:54  Raven  
  52  4:58  Supply Depot  
  55  5:02  SCV  
  55  5:04  Marine x2  
  55  5:05  SCV  
  59  5:09  Siege Tank  
  62  5:15  SCV  
  62  5:17  SCV  
  62  5:21  Factory  
  64  5:23  Marine x2  
  66  5:35  SCV  
  61  5:38  SCV  
  62  5:44  Marine x2, Siege Tank  
  62  5:48  Factory  
  62  5:49  Starport Reactor  
  67  5:50  SCV x2  
  67  5:53  Supply Depot  
  67  6:02  SCV  
  70  6:05  SCV  
  70  6:09  Armory  
  69  6:14  Hellion x2  
  69  6:20  Supply Depot, Siege Tank  
  71  6:31  Cyclone  
  74  6:33  SCV  
  74  6:34  SCV  
  74  6:36  Mag-Field Accelerator, Infernal Pre-Igniter  
  74  6:37  Hellion  
  78  6:42  Hellion  
  78  6:45  Supply Depot  
  80  6:48  SCV  
  80  6:52  Cyclone  
  84  6:59  Hellion  
  86  7:07  Cyclone, Liberator, Hellion  
  94  7:09  Supply Depot  
  94  7:17  Supply Depot, Liberator  
  97  7:26  Cyclone, Hellion  
  102  7:36  Hellion  
  106  7:39  Cyclone  
  106  7:43  Command Center  
  105  7:47  SCV  
  106  7:55  Hellion  
  95  8:06  SCV  
  95  8:07  SCV  
  95  8:08  Cyclone, Hellion  
  95  8:12  Cyclone  
  100  8:16  Hellion  
  100  8:19  SCV  
  96  8:26  SCV  
  96  8:32  Viking x2  
  97  8:40  Cyclone  
  99  8:42  SCV  
  98  8:57  SCV  
  98  8:58  Cyclone, Hellion  
  98  9:02  Viking x2  
  105  9:03  Orbital Command, SCV  
  105  9:09  SCV  
  103  9:15  Hellion  
  103  9:16  SCV  
  82  9:21  Siege Tank, SCV  
  78  9:27  Hellion  
  80  9:31  Siege Tank  
  80  9:36  SCV x2  
  80  9:38  Hellion, Viking  
  83  9:48  SCV x2  
  81  9:58  Hellion  
  86  10:00  SCV x2  
  91  10:12  SCV x2  
Show
View Real Time Build Order
Export as new Build Order

Highdra Protoss - Winner!

Build Orders: 1 Gate Expand, Blink Stalkers 

Get SALT Encoding   

  12  0:00  Probe  
  13  0:12  Probe  
  14  0:17  Pylon  
  14  0:24  Probe  
  15  0:32  Probe  
  15  0:38  Gateway  
  15  0:40  Probe  
  16  0:47  Assimilator  
  17  0:51  Probe  
  18  1:03  Probe  
  19  1:15  Probe  
  20  1:25  Cybernetics Core  
  22  1:39  Nexus  
  22  1:43  Probe  
  22  1:46  Pylon  
  21  1:49  Assimilator  
  17  1:54  Adept  
  21  1:56  Probe  
  21  2:01  Warp Gate  
  22  2:08  Probe  
  25  2:12  Stalker  
  25  2:20  Probe  
  28  2:33  Probe, Shield Battery  
  28  2:47  Probe x2  
  28  2:49  Twilight Council  
  30  2:55  Probe  
  30  2:59  Probe  
  30  3:05  Probe, Blink  
  32  3:07  Stalker  
  32  3:12  Gateway, Probe  
  36  3:17  Probe  
  37  3:24  Probe  
  38  3:29  Probe  
  39  3:36  Probe  
  39  3:37  Robotics Facility  
  40  3:41  Probe  
  41  3:48  Probe  
  41  3:50  Gateway  
  41  3:54  Probe  
  43  4:00  Probe  
  44  4:03  Gateway, Stalker  
  44  4:04  Pylon  
  46  4:12  Pylon  
  46  4:13  Pylon  
  46  4:16  Warp Prism  
  46  4:28  Stalker  
  46  4:29  Stalker  
  50  4:34  Pylon, Probe x2  
  52  4:40  Pylon  
  52  4:45  Stalker  
  54  4:52  Stalker x2  
  58  5:16  Stalker x4  
  58  5:19  Pylon  
  66  5:23  Nexus  
  60  5:40  Stalker  
  60  5:42  Probe  
  63  5:44  Probe, Assimilator  
  63  5:45  Assimilator  
  63  5:47  Robotics Bay  
  63  5:48  Forge  
  64  5:54  Probe  
  64  5:56  Probe  
  66  6:06  Probe  
  66  6:08  Probe  
  66  6:10  Charge  
  68  6:18  Probe  
  68  6:20  Probe  
  68  6:23  Colossus  
  70  6:25  Protoss Ground Weapons Level 1  
  70  6:29  Gateway  
  70  6:30  Gateway, Probe  
  70  6:32  Gateway, Probe  
  72  6:36  Extended Thermal Lance  
  72  6:37  Probe  
  79  6:43  Probe  
  80  6:47  Probe  
  80  6:49  Gateway  
  80  6:50  Probe  
  80  6:51  Pylon  
  82  6:55  Probe  
  82  6:56  Pylon  
  82  7:00  Probe  
  84  7:02  Probe  
  84  7:06  Sentry, Zealot  
  84  7:07  Zealot  
  91  7:09  Probe  
  91  7:10  Pylon  
  91  7:15  Probe x2  
  94  7:17  Colossus  
  98  7:40  Stalker x5  
  98  7:41  Zealot x2  
  112  7:48  Zealot  
  112  8:04  Zealot x7  
  114  8:06  Warp Prism  
  106  8:15  Zealot  
  108  8:25  Stalker x2  
  108  8:26  Stalker x5  
  110  8:40  Cybernetics Core  
  108  8:42  Observer, Zealot  
  108  8:45  Pylon  
  111  8:50  Zealot x4  
  117  8:59  Zealot x3  
  123  9:05  Warp Prism  
  101  9:20  Stalker x8  
  109  9:55  Stalker x8  
  125  10:06  Pylon  
Tags
 
Add a new tag
Caveats
  • Supply blocks, unpowered buildings, or Contaminate may cause inaccurate times.
  • Supply counts are checked every 10 seconds.